 Dungeon Sprint DCSS version 0.31-a0-536-ga3e2962e35 (webtiles) character file.

Game seed: 18391185279570297148

21882 Conn the Eclecticist (level 12, -9/72 HPs)
             Began as an Octopode Fire Elementalist on Aug 13, 2023.
             Was the Champion of Sif Muna.
             Mangled by a vampire knight
             ... wielding a +0 battleaxe
              (12 damage)
             ... in the Dungeon (Sprint VII: "The Pits").
             The game lasted 00:38:41 (3141 turns).

Conn the Eclecticist (Octopode Fire Elementalist)   Turns: 3141, Time: 00:38:42

Health: -9/72      AC:  4    Str:  7    XL:     12   Next: 94%
Magic:  1/34       EV: 19    Int: 22    God:    Sif Muna [******]
Gold:   25         SH:  0    Dex: 16    Spells: 5/48 levels left

rFire   . . .        v - staff "Rafroorept" {rC+ Dex+3 Ice}
rCold   + . .        (no shield)
rNeg    . . .        (helmet restricted)
rPois   .            (no amulet)
rElec   .            d - +3 ring of protection
rCorr   .            m - +3 ring of evasion
SInv    .            (no ring)
Will    .....        (no ring)
Stlth   ++++         (no ring)
HPRegen 0.32/turn    (no ring)
MPRegen 0.24/turn    (no ring)
                     (no ring)

%: no teleportation
@: no status effects
A: almost no armour, amphibious, 8 rings, camouflage 1, gelatinous body 1,
(nimble swimmer 1), tentacles
a: Renounce Religion, Channel Magic, Forget Spell, Divine Exegesis


You were in the Dungeon.
You worshipped Sif Muna.
Sif Muna was exalted by your worship.
You visited 1 branch You collected 25 gold pieces.

Inventory:

Hand Weapons
 g - a +2 dagger
 k - a +2 dagger of venom
 l - a +2 quarterstaff of protection
 q - a +2 rapier of distortion
Missiles
 r - 2 curare-tipped darts (quivered)
Magical Staves
 v - the staff "Rafroorept" (weapon) {rC+ Dex+3 Ice}
   (You found it in the Dungeon)

   [staff of cold]

   Base accuracy: +5 Base damage: 5 Base attack delay: 1.2 This weapon's minimum
   attack delay (0.6) is reached at skill level 12.
   Dex+3:     It affects your dexterity (+3).
   rC+:       It protects you from cold.
   Ice:       It increases the power of your Ice spells.
   It falls into the 'Staves' category.
   It is a one-tentacled weapon.
Jewellery
 d - a +3 ring of protection (left tentacle)
 m - a +3 ring of evasion (right tentacle)
 s - a ring of ice
 u - a ring of ice
Wands
 j - a wand of mindburst (3)
 t - a wand of roots (4)
Scrolls
 f - 4 scrolls of identify
 i - 4 scrolls of amnesia
 w - 4 scrolls of enchant weapon
 x - a scroll of fog
 z - a scroll of fear
Potions
 a - 2 potions of magic
 b - 9 potions of curing
 c - 8 potions of heal wounds
 e - 4 potions of berserk rage
 h - 2 potions of invisibility
 n - 2 potions of brilliance
 p - 3 potions of mutation


   Skills:
 + Level 5.0 Fighting
 + Level 3.7 Short Blades
 + Level 3.7 Staves
 + Level 1.7 Throwing
 + Level 6.8 Dodging
 - Level 6.3 Stealth
 + Level 18.7 Spellcasting
 * Level 11.8 Conjurations
 + Level 6.3 Hexes
 + Level 2.5 Summonings
 - Level 3.0 Translocations
 + Level 13.8 Fire Magic
 + Level 5.4 Ice Magic
 + Level 0.9 Air Magic
 * Level 6.6 Earth Magic
 * Level 13.2 Invocations


You had 5 spell levels left.
You knew the following spells:

 Your Spells              Type           Power      Damage    Failure   Level
a - Foxfire               Conj/Fire      100%       2x1d9     0%          1
b - Scorch                Fire           100%       2d9       0%          2
c - Inner Flame           Hex/Fire       60%        N/A       1%          3
d - Flame Wave            Conj/Fire      67%        2d15      1%          4
e - Iskenderun's Mystic   Conj/Tloc      52%        2d11      1%          4
f - Leda's Unmaking       Conj/Erth      28%        9d5       9%          6
g - Summon Guardian Gole  Hex/Summ       40%        N/A       1%          3
h - Metabolic Englaciati  Hex/Ice        31%        N/A       6%          5
i - Hailstorm             Conj/Ice       73%        3d15      1%          3
j - Fireball              Conj/Fire      33%        3d14      1%          5
k - Orb of Destruction    Conj           32%        9d10      16%         7

Your spell library contained the following spells:

 Spells                   Type           Power      Damage    Failure   Level
 Slow                     Hex            100%       N/A       1%          1
 Ensorcelled Hibernation  Hex/Ice        100%       N/A       1%          2
 Passwall                 Tmut/Erth      29%        N/A       1%          2
 Searing Ray              Conj           100%       2d8       1%          2
 Dazzling Flash           Conj/Hex       100%       N/A       1%          3
 Portal Projectile        Hex/Tloc       82%        N/A       1%          3
 Stone Arrow              Conj/Erth      100%       3d13      1%          3
 Tukima's Dance           Hex            48%        N/A       1%          3
 Volatile Blastmotes      Fire/Tloc      100%       2d18      1%          3
 Leda's Liquefaction      Hex/Erth       24%        N/A       1%          4
 Sticky Flame             Conj/Fire      67%        2d8       1%          4
 Iskenderun's Battlesphe  Conj           64%        2d11      1%          5
 Sublimation of Blood     Necr           20%        N/A       3%          2
 Vhi's Electric Charge    Tloc/Air       58%        N/A       3%          3
 Summon Ice Beast         Ice/Summ       55%        N/A       4%          4
 Lee's Rapid Deconstruct  Erth           24%        3d13*     4%          5
 Petrify                  Tmut/Erth      35%        N/A       6%          4
 Passage of Golubria      Tloc           33%        N/A       7%          4
 Summon Mana Viper        Hex/Summ       40%        N/A       11%         5
 Borgnjor's Vile Clutch   Necr/Erth      17%        N/A       19%         5
 Yara's Violent Unravell  Hex/Tmut       17%        3d8       19%         5
 Agony                    Necr           20%        N/A       56%         5
 Conjure Ball Lightning   Conj/Air       24%        3x3d7     28%         6
 Dispersal                Tloc           16%        N/A       73%         6
 Spellforged Servitor     Conj/Summ      25%        N/A       73%         7
 Simulacrum               Ice/Necr       24%        N/A       77%         6
 Summon Cactus Giant      Summ           15%        N/A       80%         6
 Death Channel            Necr           10%        N/A       98%         6
 Lehudib's Crystal Spear  Conj/Erth      28%        10d8      98%         8
 Haunt                    Necr/Summ      13%        N/A       100%        7
 Borgnjor's Revivificati  Necr           10%        N/A       100%        8
 Discord                  Hex            24%        N/A       100%        8
 Disjunction              Tloc           16%        N/A       100%        8
 Infestation              Necr           10%        N/A       100%        8
 Chain Lightning          Conj/Air       24%        3d32      100%        9
 Fire Storm               Conj/Fire      33%        8d9       100%        9
 Shatter                  Erth           24%        3d21*     100%        9


Dungeon Overview and Level Annotations

Branches:
Dungeon (1/1)

Altars:
Ashenzari
Cheibriados
Dithmenos
Elyvilon
Fedhas
Gozag
Hepliaklqana
Kikubaaqudgha
Makhleb
Nemelex Xobeh
Okawaru
Qazlal
Ru
Sif Muna
Trog
Uskayaw
Vehumet
Wu Jian
Xom
Yredelemnul
Zin
The Shining One
Jiyva
Lugonu


Innate Abilities, Weirdness & Mutations

You cannot wear most types of armour.
You are amphibious.
You can wear up to eight rings at the same time.
Your skin changes colour to match your surroundings (Stealth+).
Your rubbery body absorbs attacks. (AC +1, EV +1)
((You are camouflaged when in or above water. (Stealth+)))
You have tentacles for arms and can constrict up to eight enemies at once.


Message History

Casting: Iskenderun's Mystic Blast (dangerous; 1% risk of failure)
Confirm with . or Enter, or press ? or * to list all spells.
You erupt in a blast of force!
The mystic blast hits your guardian golem.
Your guardian golem is moderately damaged.
The mystic blast hits the orc knight!
The orc knight is heavily wounded.
The orc knight is knocked back by the mystic blast.
The orc knight slams into the metal wall!
The orc knight is heavily wounded.
The mystic blast hits something but does no damage.
Your guardian golem disappears in a puff of smoke!
The spriggan air mage casts a spell at you.
The bolt of lightning misses you. Something hits you!!
* * * LOW HITPOINT WARNING * * *
Something bites you!
* * * LOW HITPOINT WARNING * * *
Something draws strength from your injuries!
Casting: Iskenderun's Mystic Blast (dangerous; 1% risk of failure)
Confirm with . or Enter, or press ? or * to list all spells.
Okay, then.
Unknown command.
Unknown command.
Unknown command.
Okay, then.
Unknown command.
Okay, then.
Press: ? - help, v - describe, . - travel
Here: a spriggan air mage, wielding a +0 long sword and wearing a +0 robe (repelling missiles)
The floor.
Unknown command.
Unknown command.
Unknown command.
Okay, then.
You feel much better.
The spriggan air mage waves its arms in wide circles.
The air twists around and strikes you!!
* * * LOW HITPOINT WARNING * * *
Something hits you!
You die...

#++################
#...o.........°)...
#....i...((.)..)o.)
#.@##############))
#..# #.e... #..#
#..... ###### #..#
####o. .##..# #..#
v.. .##..# #..#


oo. .''..# #..# .). .''..##########..# ##v. .##.........[....# You could see an
orc knight (slow) and a spriggan air mage (repels missiles).

Vanquished Creatures
  An orc warlord (D)
  A vampire knight (D)
  A merfolk javelineer (D)
  A deep elf high priest (D)
  A vault guard (D)
  A two-headed ogre (D)
  Sonja (D)
  3 skeletal warriors (D)
  A deep troll (D)
  A deep elf zephyrmancer (D)
  A lindwurm (D)
  A deep elf pyromancer (D)
  7 orc knights (D)
  A smoke demon (D)
  Psyche (D)
  A rime drake (D)
  2 ice devils (D)
  4 merfolk (D)
  A troll (D)
  2 tyrant leeches (D)
  A hellwing (D)
  A snapping turtle (D)
  13 dream sheep (D)
  2 jumping spiders (D)
  3 yaks (D)
  A water elemental (D)
  A wraith (D)
  A wyvern (D)
  2 steam dragons (D)
  2 vampire mosquitoes (D)
  2 redbacks (D)
  Edmund (D)
  3 wargs (D)
  A floating eye (D)
  A water moccasin (D)
  A swamp drake (D)
  An ogre (D)
  2 centaurs (D)
  2 phantoms (D)
  A scorpion (D)
  A quasit (D)
  An iron imp (D)
  A hell rat (D)
  A gnoll (D)
  2 adders (D)
  An adder skeleton (D)
  A worm (D)
  3 orcs (D)
  A bat (D)
  An endoplasm (D)
  A giant cockroach (D)
  A hobgoblin (D)
  4 jackals (D)
  A quokka (D)
  A ball python skeleton (D)
  3 frilled lizards (D)
  A kobold (D)
100 creatures vanquished.

Vanquished Creatures (collateral kills)
  2 orc knights (D)
2 creatures vanquished.

Vanquished Creatures (others)
  A skeletal warrior (D)
  A phantasmal warrior (D)
  A polar bear (D)
  2 large abominations (D)
  A quokka simulacrum (D)
  3 fire vortices (D)
  103 foxfires (D)
112 creatures vanquished.

Grand Total: 214 creatures vanquished

Notes
Turn   | Place    | Note
-------+----------+-------------------------------------------
     0 | D        | Conn the Octopode Fire Elementalist began the quest for the
                  | Orb.
     0 | D        | Reached XP level 1. HP: 11/11 MP: 3/3
    76 | D        | Found a glowing golden altar of the Shining One.
    76 | D        | Found a glowing silver altar of Zin.
    76 | D        | Found a basalt altar of Yredelemnul.
    76 | D        | Found a shimmering altar of Xom.
    76 | D        | Found an ornate altar of the Wu Jian Council.
    76 | D        | Found a bloodstained altar of Trog.
    76 | D        | Found a shimmering blue altar of Sif Muna.
    76 | D        | Found a sacrificial altar of Ru.
    76 | D        | Found a stormy altar of Qazlal.
    76 | D        | Found an iron altar of Okawaru.
    76 | D        | Found a sparkling altar of Nemelex Xobeh.
    76 | D        | Found a burning altar of Makhleb.
    76 | D        | Found a viscous altar of Jiyva.
    76 | D        | Found a hazy altar of Hepliaklqana.
    76 | D        | Found an opulent altar of Gozag.
    76 | D        | Found a blossoming altar of Fedhas.
    76 | D        | Found a white marble altar of Elyvilon.
    76 | D        | Found a shadowy altar of Dithmenos.
    76 | D        | Found a snail-covered altar of Cheibriados.
    77 | D        | Found a radiant altar of Vehumet.
    77 | D        | Found a corrupted altar of Lugonu.
    78 | D        | Found an ancient bone altar of Kikubaaqudgha.
    78 | D        | Found a hide-covered altar of Uskayaw.
    78 | D        | Found a broken altar of Ashenzari.
    79 | D        | Became a worshipper of Sif Muna the Loreminder
   120 | D        | Reached * piety under Sif Muna
   167 | D        | Reached ** piety under Sif Muna
   168 | D        | Reached XP level 2. HP: 17/17 MP: 3/5
   172 | D        | Learned a level 2 spell: Scorch
   216 | D        | Reached skill level 3 in Spellcasting
   216 | D        | Reached skill level 5 in Fire Magic
   216 | D        | Reached XP level 3. HP: 8/22 MP: 3/7
   283 | D        | Reached skill level 1 in Short Blades
   321 | D        | Reached *** piety under Sif Muna
   374 | D        | Learned a level 3 spell: Inner Flame
   385 | D        | Noticed a water moccasin
   385 | D        | Noticed a warg
   388 | D        | Noticed a warg
   391 | D        | HP: 1/22 [water moccasin (9)]
   398 | D        | Killed a water moccasin
   399 | D        | Reached skill level 4 in Spellcasting
   399 | D        | Reached XP level 4. HP: 29/29 MP: 4/10
   399 | D        | Reached XP level 5. HP: 34/34 MP: 4/12
   402 | D        | Noticed Edmund
   406 | D        | Killed a warg
   407 | D        | Reached skill level 1 in Staves
   407 | D        | Reached skill level 6 in Spellcasting
   407 | D        | Reached XP level 6. HP: 31/41 MP: 5/15
   414 | D        | Killed a warg
   414 | D        | Reached **** piety under Sif Muna
   432 | D        | Killed Edmund
   433 | D        | Reached skill level 5 in Dodging
   433 | D        | Reached skill level 7 in Spellcasting
   433 | D        | Reached skill level 5 in Conjurations
   433 | D        | Reached XP level 7. HP: 26/48 MP: 7/18
   513 | D        | Learned a level 4 spell: Flame Wave
   559 | D        | Reached skill level 8 in Spellcasting
   559 | D        | Reached skill level 5 in Invocations
   595 | D        | Noticed a troll
   629 | D        | Killed a troll
   629 | D        | Reached ***** piety under Sif Muna
   630 | D        | Reached skill level 1 in Hexes
   630 | D        | Reached XP level 8. HP: 44/54 MP: 7/20
   718 | D        | Paralysed by a floating eye for 4 turns
   725 | D        | Received a gift from Sif Muna
   726 | D        | Reached skill level 9 in Spellcasting
   726 | D        | Got Afamoos's Essays on Damage and Ice {god gift}
   733 | D        | Learned a level 5 spell: Iskenderun's Battlesphere
   826 | D        | Noticed a smoke demon
   832 | D        | Killed a smoke demon
   839 | D        | Reached skill level 10 in Spellcasting
   989 | D        | Learned a level 6 spell: Leda's Unmaking
  1030 | D        | Noticed Sonja
  1043 | D        | Killed Sonja
  1044 | D        | Reached skill level 11 in Spellcasting
  1044 | D        | Reached XP level 9. HP: 59/59 MP: 12/24
  1111 | D        | Received a gift from Sif Muna
  1114 | D        | Reached skill level 12 in Spellcasting
  1118 | D        | Reached skill level 10 in Fire Magic
  1118 | D        | Reached XP level 10. HP: 65/65 MP: 11/26
  1119 | D        | Got Sif Muna's Thoughts on Dark Bewitchment {god gift}
  1193 | D        | Learned a level 3 spell: Summon Guardian Golem
  1199 | D        | Learned a level 5 spell: Metabolic Englaciation
  1214 | D        | Noticed a deep elf zephyrmancer
  1217 | D        | Killed a deep elf zephyrmancer
  1217 | D        | Reached ****** piety under Sif Muna
  1218 | D        | Reached skill level 1 in Ice Magic
  1222 | D        | Received a gift from Sif Muna
  1223 | D        | Got Voceklol's Elucidation of Mighty Shades {god gift}
  1229 | D        | Learned a level 3 spell: Hailstorm
  1326 | D        | Noticed a phantasmal warrior
  1326 | D        | Noticed a merfolk javelineer
  1338 | D        | Killed a phantasmal warrior
  1339 | D        | Reached skill level 13 in Spellcasting
  1346 | D        | Reached skill level 5 in Earth Magic
  1371 | D        | Reached skill level 14 in Spellcasting
  1374 | D        | Killed a merfolk javelineer
  1374 | D        | Received a gift from Sif Muna
  1375 | D        | Reached XP level 11. HP: 34/70 MP: 13/29
  1376 | D        | Noticed a deep troll
  1378 | D        | Killed a deep troll
  1379 | D        | Reached skill level 1 in Throwing
  1379 | D        | Reached skill level 10 in Invocations
  1380 | D        | Received a gift from Sif Muna
  1382 | D        | Reached skill level 15 in Spellcasting
  1382 | D        | Reached skill level 5 in Ice Magic
  1386 | D        | Got Usheon's Dissertation on Limned Left-Handed Rites {god
                  | gift}
  1517 | D        | Learned a level 5 spell: Fireball
  1591 | D        | Noticed Psyche
  1592 | D        | Noticed a lindwurm
  1596 | D        | Killed a lindwurm
  1597 | D        | Killed Psyche
  1672 | D        | Received a gift from Sif Muna
  1680 | D        | Learned a level 4 spell: Iskenderun's Mystic Blast
  1694 | D        | Noticed a deep elf pyromancer
  1700 | D        | Killed a deep elf pyromancer
  1700 | D        | Received a gift from Sif Muna
  1701 | D        | Reached skill level 10 in Conjurations
  1701 | D        | Reached skill level 1 in Translocations
  1716 | D        | Reached skill level 16 in Spellcasting
  1719 | D        | Got Qygaripo's Information on Location and the Sphinx {god
                  | gift}
  1819 | D        | Got the staff "Rafroorept" {rC+ Dex+3 Ice}
  2025 | D        | Noticed a vampire knight
  2074 | D        | Killed a vampire knight
  2075 | D        | Reached skill level 5 in Hexes
  2131 | D        | Received a gift from Sif Muna
  2132 | D        | Got Sif Muna's Handbook of the Rocks and the Gang {god
                  | gift}
  2142 | D        | Reached XP level 12. HP: 36/76 MP: 24/32
  2388 | D        | Noticed a two-headed ogre
  2394 | D        | Reached skill level 17 in Spellcasting
  2394 | D        | Reached skill level 1 in Summonings
  2396 | D        | Killed a two-headed ogre
  2400 | D        | Reached skill level 5 in Fighting
  2660 | D        | Received a gift from Sif Muna
  2661 | D        | Got Lehudib's Quarto of the Fjord {god gift}
  2788 | D        | Noticed a deep elf high priest
  2788 | D        | Noticed an orc warlord
  2788 | D        | Noticed an orc warlord
  2795 | D        | Killed a deep elf high priest
  2796 | D        | Reached skill level 18 in Spellcasting
  2796 | D        | Killed an orc warlord
  2811 | D        | Noticed a vault guard
  2815 | D        | Received a gift from Sif Muna
  2816 | D        | Got Sif Muna's Spellbook of the Gang {god gift}
  2821 | D        | Killed a vault guard
  2968 | D        | Learned a level 7 spell: Orb of Destruction
  3127 | D        | Noticed a vampire knight
  3134 | D        | Noticed a spriggan air mage
  3141 | D        | HP: 3/72 [spriggan air mage/the air (20)]
  3141 | D        | Mangled by a vampire knight

Illustrated notes

Levels and vault maps discovered:
D:        pitsprint [storerooms_1, entrance_room_1, metal_vault_2, armoury_2,
          mini_pit_1, grid_room_1, main_hall_1, silver_pit, the_coven_1,
          the_vestibule_1, steel_vault_5, golden_pit, hallway_of_sentries,
          crystal_vault_2, iron_vault_5, final_vault]

Skill      XL: |  1  2  3  4  5  6  7  8  9 10 11 12 |
---------------+-------------------------------------+-----
Stealth        | 3 4 6 |  6.3
Fire Magic     | 4 5 6 7 9 10 11 12 13 | 13.8
Dodging        | 3 4 5 6 |  6.8
Spellcasting   | 3 4 6 7 8 11 12 14 16 18 | 18.7
Short Blades   | 2 3 |  3.7
Fighting       | 2 4 5 |  5.0
Conjurations   | 2 3 5 7 8 9 10 11 | 11.8
Staves         | 1 3 |  3.7
Invocations    | 2 4 5 7 8 9 11 13 | 13.2
Hexes          | 1 2 3 4 5 6 |  6.3
Earth Magic    | 2 4 5 6 |  6.6
Ice Magic      | 4 5 |  5.4
Throwing       | 1 |  1.7
Translocations | 3 |  3.0
Summonings     | 2 |  2.5
Air Magic      | |  0.9

Action                     |  1- 3 |  4- 6 |  7- 9 | 10-12 || total
---------------------------+-------+-------+-------+-------++-------
  Melee: Dagger            |    19 |       |       |       ||    19
         Tentacles         |     4 |     2 |       |     3 ||     9
         Constrict         |     4 |       |       |     3 ||     7
         Quarterstaff      |     4 |    16 |     2 |       ||    22
         Rapier            |       |       |       |    11 ||    11
         Staff             |       |       |       |     1 ||     1
  Throw: Dart              |       |       |       |     5 ||     5
   Cast: Foxfire           |    10 |       |    18 |    33 ||    61
         Scorch            |     4 |     5 |    12 |    66 ||    87
         Inner Flame       |       |     2 |     8 |    24 ||    34
         Flame Wave        |       |       |     2 |     8 ||    10
         Iskenderun's Batt |       |       |     1 |     3 ||     4
         Summon Guardian G |       |       |       |    14 ||    14
         Chain Lightning   |       |       |       |     2 ||     2
         Hailstorm         |       |       |       |     1 ||     1
         Iskenderun's Myst |       |       |       |    12 ||    12
         Fireball          |       |       |       |     7 ||     7
         Metabolic Englaci |       |       |       |     3 ||     3
         Fire Storm        |       |       |       |     1 ||     1
         Borgnjor's Revivi |       |       |       |     1 ||     1
 Invoke: Channel Magic     |       |       |       |     4 ||     4
         Divine Exegesis   |       |       |       |     4 ||     4
  Evoke: Wand              |       |       |       |     1 ||     1
    Use: Potion            |     4 |     2 |       |    11 ||    17
         Scroll            |       |       |       |     4 ||     4
   Stab: Sleeping          |     2 |       |     1 |       ||     3
         Petrified         |       |       |       |     5 ||     5
 Armour: Skin              |     3 |     9 |     4 |    12 ||    28
  Dodge: Dodged            |    12 |    47 |     8 |    44 ||   111

Table legend: (Time is in decaauts)
 A = Elapsed time spent in this place.
 B = Non-inter-level travel time spent in this place.
 C = Inter-level travel time spent in this place.
 D = Time resting spent in this place.
 E = Time spent auto-exploring this place.
 F = Levels seen in this place.
 G = Mean time per level.
                   A        B        C        D        E       F      G
               +--------+--------+--------+--------+--------+-----+--------+
         Total |   3128 |   3128 |      0 |   1642 |      0 |   1 | 3128.0 |
       Dungeon |   3128 |   3128 |      0 |   1642 |      0 |   1 | 3128.0 |
               +--------+--------+--------+--------+--------+-----+--------+

Top non-repeatable levels by time:
       D: 3128 daAuts
